Workbook

Sheet Credit Tracker
A1: Record ID | B1: Recipient Name | C1: Province/Territory | D1: City | E1: Tax Year | F1: Payment Period | G1: Filing Status | H1: Family Size | I1: Adjusted Family Net Income (AFNI) | J1: GST/HST Credit Rate | K1: Estimated Annual Credit | L1: Expected Payment Date | M1: Payment Received Date | N1: Expected Payment | O1: Actual Payment | P1: Variance | Q1: Payment Status | R1: Days Late | S1: Notes
A2: GST-2026-001 | B2: Liam Anderson | C2: Ontario | D2: Toronto | E2: 2026 | F2: January-March | G2: Single | H2: 2 | I2: 46000 | J2: 0.0113 | K2: =IF($A2="","",IF($H2=1,MIN($I2*$J2,519),MIN($I2*$J2,519+($H2-1)*95))) | L2: 46027 | M2: 46027 | N2: =IF($A2="","",$K2/4) | O2: 129.95 | P2: =IF($A2="","",IF($O2="",0,$O2-$N2)) | Q2: =IF($A2="","",IF($O2="","Pending",IF($O2=$N2,"Received",IF($O2<$N2,"Partial","Overpaid")))) | R2: =IF($A2="","",IF(OR($M2="",$M2<=$L2),0,$M2-$L2)) | S2: Direct deposit confirmed
A3: GST-2026-002 | B3: Emma Tremblay | C3: Quebec | D3: Montreal | E3: 2026 | F3: April-June | G3: Married | H3: 3 | I3: 58000 | J3: 0.01 | K3: =IF($A3="","",IF($H3=1,MIN($I3*$J3,519),MIN($I3*$J3,519+($H3-1)*95))) | L3: 46117 | M3: 46122 | N3: =IF($A3="","",$K3/4) | O3: 177.25 | P3: =IF($A3="","",IF($O3="",0,$O3-$N3)) | Q3: =IF($A3="","",IF($O3="","Pending",IF($O3=$N3,"Received",IF($O3<$N3,"Partial","Overpaid")))) | R3: =IF($A3="","",IF(OR($M3="",$M3<=$L3),0,$M3-$L3)) | S3: Received after expected date
A4: GST-2026-003 | B4: Noah Chen | C4: British Columbia | D4: Vancouver | E4: 2026 | F4: July-September | G4: Single | H4: 1 | I4: 72000 | J4: 0.0085 | K4: =IF($A4="","",IF($H4=1,MIN($I4*$J4,519),MIN($I4*$J4,519+($H4-1)*95))) | L4: 46208 | N4: =IF($A4="","",$K4/4) | P4: =IF($A4="","",IF($O4="",0,$O4-$N4)) | Q4: =IF($A4="","",IF($O4="","Pending",IF($O4=$N4,"Received",IF($O4<$N4,"Partial","Overpaid")))) | R4: =IF($A4="","",IF(OR($M4="",$M4<=$L4),0,$M4-$L4)) | S4: Awaiting CRA payment
A5: GST-2026-004 | B5: Olivia MacDonald | C5: Nova Scotia | D5: Halifax | E5: 2026 | F5: October-December | G5: Common-law | H5: 2 | I5: 35000 | J5: 0.014 | K5: =IF($A5="","",IF($H5=1,MIN($I5*$J5,519),MIN($I5*$J5,519+($H5-1)*95))) | L5: 46300 | M5: 46300 | N5: =IF($A5="","",$K5/4) | O5: 120 | P5: =IF($A5="","",IF($O5="",0,$O5-$N5)) | Q5: =IF($A5="","",IF($O5="","Pending",IF($O5=$N5,"Received",IF($O5<$N5,"Partial","Overpaid")))) | R5: =IF($A5="","",IF(OR($M5="",$M5<=$L5),0,$M5-$L5)) | S5: Payment less than expected; review
A6: GST-2026-005 | B6: Lucas Martin | C6: Ontario | D6: Ottawa | E6: 2026 | F6: January-March | G6: Married | H6: 4 | I6: 92000 | J6: 0.0065 | K6: =IF($A6="","",IF($H6=1,MIN($I6*$J6,519),MIN($I6*$J6,519+($H6-1)*95))) | L6: 46027 | M6: 46029 | N6: =IF($A6="","",$K6/4) | O6: 149.5 | P6: =IF($A6="","",IF($O6="",0,$O6-$N6)) | Q6: =IF($A6="","",IF($O6="","Pending",IF($O6=$N6,"Received",IF($O6<$N6,"Partial","Overpaid")))) | R6: =IF($A6="","",IF(OR($M6="",$M6<=$L6),0,$M6-$L6)) | S6: Received after expected date
A7: GST-2026-006 | B7: Sophie Gagnon | C7: Quebec | D7: Quebec City | E7: 2026 | F7: April-June | G7: Single | H7: 1 | I7: 28000 | J7: 0.02 | K7: =IF($A7="","",IF($H7=1,MIN($I7*$J7,519),MIN($I7*$J7,519+($H7-1)*95))) | L7: 46117 | M7: 46117 | N7: =IF($A7="","",$K7/4) | O7: 129.75 | P7: =IF($A7="","",IF($O7="",0,$O7-$N7)) | Q7: =IF($A7="","",IF($O7="","Pending",IF($O7=$N7,"Received",IF($O7<$N7,"Partial","Overpaid")))) | R7: =IF($A7="","",IF(OR($M7="",$M7<=$L7),0,$M7-$L7)) | S7: Direct deposit confirmed
A8: GST-2026-007 | B8: Ethan Singh | C8: Alberta | D8: Calgary | E8: 2026 | F8: July-September | G8: Married | H8: 3 | I8: 67000 | J8: 0.01 | K8: =IF($A8="","",IF($H8=1,MIN($I8*$J8,519),MIN($I8*$J8,519+($H8-1)*95))) | L8: 46208 | N8: =IF($A8="","",$K8/4) | P8: =IF($A8="","",IF($O8="",0,$O8-$N8)) | Q8: =IF($A8="","",IF($O8="","Pending",IF($O8=$N8,"Received",IF($O8<$N8,"Partial","Overpaid")))) | R8: =IF($A8="","",IF(OR($M8="",$M8<=$L8),0,$M8-$L8)) | S8: Awaiting CRA payment
A9: GST-2026-008 | B9: Charlotte Wilson | C9: Manitoba | D9: Winnipeg | E9: 2026 | F9: October-December | G9: Single | H9: 2 | I9: 51000 | J9: 0.012 | K9: =IF($A9="","",IF($H9=1,MIN($I9*$J9,519),MIN($I9*$J9,519+($H9-1)*95))) | L9: 46300 | M9: 46309 | N9: =IF($A9="","",$K9/4) | O9: 153 | P9: =IF($A9="","",IF($O9="",0,$O9-$N9)) | Q9: =IF($A9="","",IF($O9="","Pending",IF($O9=$N9,"Received",IF($O9<$N9,"Partial","Overpaid")))) | R9: =IF($A9="","",IF(OR($M9="",$M9<=$L9),0,$M9-$L9)) | S9: Received after expected date
A10: GST-2026-009 | B10: William Brown | C10: Alberta | D10: Edmonton | E10: 2026 | F10: January-March | G10: Single | H10: 1 | I10: 83000 | J10: 0.0095 | K10: =IF($A10="","",IF($H10=1,MIN($I10*$J10,519),MIN($I10*$J10,519+($H10-1)*95))) | L10: 46027 | M10: 46027 | N10: =IF($A10="","",$K10/4) | O10: 134.75 | P10: =IF($A10="","",IF($O10="",0,$O10-$N10)) | Q10: =IF($A10="","",IF($O10="","Pending",IF($O10=$N10,"Received",IF($O10<$N10,"Partial","Overpaid")))) | R10: =IF($A10="","",IF(OR($M10="",$M10<=$L10),0,$M10-$L10)) | S10: Amount exceeds expected payment
A11: GST-2026-010 | B11: Ava Campbell | C11: British Columbia | D11: Victoria | E11: 2026 | F11: April-June | G11: Common-law | H11: 4 | I11: 39000 | J11: 0.018 | K11: =IF($A11="","",IF($H11=1,MIN($I11*$J11,519),MIN($I11*$J11,519+($H11-1)*95))) | L11: 46117 | M11: 46120 | N11: =IF($A11="","",$K11/4) | O11: 150 | P11: =IF($A11="","",IF($O11="",0,$O11-$N11)) | Q11: =IF($A11="","",IF($O11="","Pending",IF($O11=$N11,"Received",IF($O11<$N11,"Partial","Overpaid")))) | R11: =IF($A11="","",IF(OR($M11="",$M11<=$L11),0,$M11-$L11)) | S11: Partial amount received after expected date
K12: =IF($A12="","",IF($H12=1,MIN($I12*$J12,519),MIN($I12*$J12,519+($H12-1)*95))) | N12: =IF($A12="","",$K12/4) | P12: =IF($A12="","",IF($O12="",0,$O12-$N12)) | Q12: =IF($A12="","",IF($O12="","Pending",IF($O12=$N12,"Received",IF($O12<$N12,"Partial","Overpaid")))) | R12: =IF($A12="","",IF(OR($M12="",$M12<=$L12),0,$M12-$L12))
K13: =IF($A13="","",IF($H13=1,MIN($I13*$J13,519),MIN($I13*$J13,519+($H13-1)*95))) | N13: =IF($A13="","",$K13/4) | P13: =IF($A13="","",IF($O13="",0,$O13-$N13)) | Q13: =IF($A13="","",IF($O13="","Pending",IF($O13=$N13,"Received",IF($O13<$N13,"Partial","Overpaid")))) | R13: =IF($A13="","",IF(OR($M13="",$M13<=$L13),0,$M13-$L13))
K14: =IF($A14="","",IF($H14=1,MIN($I14*$J14,519),MIN($I14*$J14,519+($H14-1)*95))) | N14: =IF($A14="","",$K14/4) | P14: =IF($A14="","",IF($O14="",0,$O14-$N14)) | Q14: =IF($A14="","",IF($O14="","Pending",IF($O14=$N14,"Received",IF($O14<$N14,"Partial","Overpaid")))) | R14: =IF($A14="","",IF(OR($M14="",$M14<=$L14),0,$M14-$L14))
K15: =IF($A15="","",IF($H15=1,MIN($I15*$J15,519),MIN($I15*$J15,519+($H15-1)*95))) | N15: =IF($A15="","",$K15/4) | P15: =IF($A15="","",IF($O15="",0,$O15-$N15)) | Q15: =IF($A15="","",IF($O15="","Pending",IF($O15=$N15,"Received",IF($O15<$N15,"Partial","Overpaid")))) | R15: =IF($A15="","",IF(OR($M15="",$M15<=$L15),0,$M15-$L15))
K16: =IF($A16="","",IF($H16=1,MIN($I16*$J16,519),MIN($I16*$J16,519+($H16-1)*95))) | N16: =IF($A16="","",$K16/4) | P16: =IF($A16="","",IF($O16="",0,$O16-$N16)) | Q16: =IF($A16="","",IF($O16="","Pending",IF($O16=$N16,"Received",IF($O16<$N16,"Partial","Overpaid")))) | R16: =IF($A16="","",IF(OR($M16="",$M16<=$L16),0,$M16-$L16))
K17: =IF($A17="","",IF($H17=1,MIN($I17*$J17,519),MIN($I17*$J17,519+($H17-1)*95))) | N17: =IF($A17="","",$K17/4) | P17: =IF($A17="","",IF($O17="",0,$O17-$N17)) | Q17: =IF($A17="","",IF($O17="","Pending",IF($O17=$N17,"Received",IF($O17<$N17,"Partial","Overpaid")))) | R17: =IF($A17="","",IF(OR($M17="",$M17<=$L17),0,$M17-$L17))
K18: =IF($A18="","",IF($H18=1,MIN($I18*$J18,519),MIN($I18*$J18,519+($H18-1)*95))) | N18: =IF($A18="","",$K18/4) | P18: =IF($A18="","",IF($O18="",0,$O18-$N18)) | Q18: =IF($A18="","",IF($O18="","Pending",IF($O18=$N18,"Received",IF($O18<$N18,"Partial","Overpaid")))) | R18: =IF($A18="","",IF(OR($M18="",$M18<=$L18),0,$M18-$L18))
K19: =IF($A19="","",IF($H19=1,MIN($I19*$J19,519),MIN($I19*$J19,519+($H19-1)*95))) | N19: =IF($A19="","",$K19/4) | P19: =IF($A19="","",IF($O19="",0,$O19-$N19)) | Q19: =IF($A19="","",IF($O19="","Pending",IF($O19=$N19,"Received",IF($O19<$N19,"Partial","Overpaid")))) | R19: =IF($A19="","",IF(OR($M19="",$M19<=$L19),0,$M19-$L19))
K20: =IF($A20="","",IF($H20=1,MIN($I20*$J20,519),MIN($I20*$J20,519+($H20-1)*95))) | N20: =IF($A20="","",$K20/4) | P20: =IF($A20="","",IF($O20="",0,$O20-$N20)) | Q20: =IF($A20="","",IF($O20="","Pending",IF($O20=$N20,"Received",IF($O20<$N20,"Partial","Overpaid")))) | R20: =IF($A20="","",IF(OR($M20="",$M20<=$L20),0,$M20-$L20))
K21: =IF($A21="","",IF($H21=1,MIN($I21*$J21,519),MIN($I21*$J21,519+($H21-1)*95))) | N21: =IF($A21="","",$K21/4) | P21: =IF($A21="","",IF($O21="",0,$O21-$N21)) | Q21: =IF($A21="","",IF($O21="","Pending",IF($O21=$N21,"Received",IF($O21<$N21,"Partial","Overpaid")))) | R21: =IF($A21="","",IF(OR($M21="",$M21<=$L21),0,$M21-$L21))
K22: =IF($A22="","",IF($H22=1,MIN($I22*$J22,519),MIN($I22*$J22,519+($H22-1)*95))) | N22: =IF($A22="","",$K22/4) | P22: =IF($A22="","",IF($O22="",0,$O22-$N22)) | Q22: =IF($A22="","",IF($O22="","Pending",IF($O22=$N22,"Received",IF($O22<$N22,"Partial","Overpaid")))) | R22: =IF($A22="","",IF(OR($M22="",$M22<=$L22),0,$M22-$L22))
K23: =IF($A23="","",IF($H23=1,MIN($I23*$J23,519),MIN($I23*$J23,519+($H23-1)*95))) | N23: =IF($A23="","",$K23/4) | P23: =IF($A23="","",IF($O23="",0,$O23-$N23)) | Q23: =IF($A23="","",IF($O23="","Pending",IF($O23=$N23,"Received",IF($O23<$N23,"Partial","Overpaid")))) | R23: =IF($A23="","",IF(OR($M23="",$M23<=$L23),0,$M23-$L23))
... K101: =IF($A101="","",IF($H101=1,MIN($I101*$J101,519),MIN($I101*$J101,519+($H101-1)*95))) | N101: =IF($A101="","",$K101/4) | P101: =IF($A101="","",IF($O101="",0,$O101-$N101)) | Q101: =IF($A101="","",IF($O101="","Pending",IF($O101=$N101,"Received",IF($O101<$N101,"Partial","Overpaid")))) | R101: =IF($A101="","",IF(OR($M101="",$M101<=$L101),0,$M101-$L101))

Sheet Summary Dashboard
A1: GST/HST Credit Tracker — Summary Dashboard
A3: Total Expected Credit | B3: Total Actual Payments | C3: Total Variance | D3: Average Payment | E3: Received Payment Count | F3: Pending Payment Count | G3: On-Time Payment Percentage
A4: =SUM('Credit Tracker'!$N$2:$N$101) | B4: =SUM('Credit Tracker'!$O$2:$O$101) | C4: =SUM('Credit Tracker'!$P$2:$P$101) | D4: =IFERROR(AVERAGE('Credit Tracker'!$O$2:$O$101),0) | E4: =COUNTIF('Credit Tracker'!$Q$2:$Q$101,"Received") | F4: =COUNTIF('Credit Tracker'!$Q$2:$Q$101,"Pending") | G4: =IFERROR(COUNTIF('Credit Tracker'!$Q$2:$Q$101,"Received")/COUNTA('Credit Tracker'!$A$2:$A$101),0)
A6: Select Province/Territory | B6: Ontario | C6: Regional tax treatment note | D6: =IFERROR(VLOOKUP($B$6,$G$19:$H$31,2,FALSE),"Select a province")
A10: Payment Period | B10: Expected Payments | C10: Actual Payments | E10: Payment Status | F10: Number of Records
A11: January-March | B11: =SUMIF('Credit Tracker'!$F$2:$F$101,$A11,'Credit Tracker'!$N$2:$N$101) | C11: =SUMIF('Credit Tracker'!$F$2:$F$101,$A11,'Credit Tracker'!$O$2:$O$101) | E11: Received | F11: =COUNTIF('Credit Tracker'!$Q$2:$Q$101,$E11)
A12: April-June | B12: =SUMIF('Credit Tracker'!$F$2:$F$101,$A12,'Credit Tracker'!$N$2:$N$101) | C12: =SUMIF('Credit Tracker'!$F$2:$F$101,$A12,'Credit Tracker'!$O$2:$O$101) | E12: Pending | F12: =COUNTIF('Credit Tracker'!$Q$2:$Q$101,$E12)
A13: July-September | B13: =SUMIF('Credit Tracker'!$F$2:$F$101,$A13,'Credit Tracker'!$N$2:$N$101) | C13: =SUMIF('Credit Tracker'!$F$2:$F$101,$A13,'Credit Tracker'!$O$2:$O$101) | E13: Partial | F13: =COUNTIF('Credit Tracker'!$Q$2:$Q$101,$E13)
A14: October-December | B14: =SUMIF('Credit Tracker'!$F$2:$F$101,$A14,'Credit Tracker'!$N$2:$N$101) | C14: =SUMIF('Credit Tracker'!$F$2:$F$101,$A14,'Credit Tracker'!$O$2:$O$101) | E14: Overpaid | F14: =COUNTIF('Credit Tracker'!$Q$2:$Q$101,$E14)
A18: Province/Territory | B18: Number of Records | C18: Total Expected Payment | D18: Total Actual Payment | E18: Average AFNI | G18: Province/Territory | H18: Regional Reference Note
A19: Ontario | B19: =COUNTIF('Credit Tracker'!$C$2:$C$101,$A19) | C19: =SUMIF('Credit Tracker'!$C$2:$C$101,$A19,'Credit Tracker'!$N$2:$N$101) | D19: =SUMIF('Credit Tracker'!$C$2:$C$101,$A19,'Credit Tracker'!$O$2:$O$101) | E19: =IFERROR(SUMIF('Credit Tracker'!$C$2:$C$101,$A19,'Credit Tracker'!$I$2:$I$101)/$B19,0) | G19: Ontario | H19: HST 13% reference note
A20: Quebec | B20: =COUNTIF('Credit Tracker'!$C$2:$C$101,$A20) | C20: =SUMIF('Credit Tracker'!$C$2:$C$101,$A20,'Credit Tracker'!$N$2:$N$101) | D20: =SUMIF('Credit Tracker'!$C$2:$C$101,$A20,'Credit Tracker'!$O$2:$O$101) | E20: =IFERROR(SUMIF('Credit Tracker'!$C$2:$C$101,$A20,'Credit Tracker'!$I$2:$I$101)/$B20,0) | G20: Quebec | H20: GST 5% plus QST administered separately
A21: British Columbia | B21: =COUNTIF('Credit Tracker'!$C$2:$C$101,$A21) | C21: =SUMIF('Credit Tracker'!$C$2:$C$101,$A21,'Credit Tracker'!$N$2:$N$101) | D21: =SUMIF('Credit Tracker'!$C$2:$C$101,$A21,'Credit Tracker'!$O$2:$O$101) | E21: =IFERROR(SUMIF('Credit Tracker'!$C$2:$C$101,$A21,'Credit Tracker'!$I$2:$I$101)/$B21,0) | G21: British Columbia | H21: GST 5% plus PST reference note
A22: Alberta | B22: =COUNTIF('Credit Tracker'!$C$2:$C$101,$A22) | C22: =SUMIF('Credit Tracker'!$C$2:$C$101,$A22,'Credit Tracker'!$N$2:$N$101) | D22: =SUMIF('Credit Tracker'!$C$2:$C$101,$A22,'Credit Tracker'!$O$2:$O$101) | E22: =IFERROR(SUMIF('Credit Tracker'!$C$2:$C$101,$A22,'Credit Tracker'!$I$2:$I$101)/$B22,0) | G22: Alberta | H22: GST 5% reference note
A23: Nova Scotia | B23: =COUNTIF('Credit Tracker'!$C$2:$C$101,$A23) | C23: =SUMIF('Credit Tracker'!$C$2:$C$101,$A23,'Credit Tracker'!$N$2:$N$101) | D23: =SUMIF('Credit Tracker'!$C$2:$C$101,$A23,'Credit Tracker'!$O$2:$O$101) | E23: =IFERROR(SUMIF('Credit Tracker'!$C$2:$C$101,$A23,'Credit Tracker'!$I$2:$I$101)/$B23,0) | G23: Nova Scotia | H23: HST 15% reference note
A24: Manitoba | B24: =COUNTIF('Credit Tracker'!$C$2:$C$101,$A24) | C24: =SUMIF('Credit Tracker'!$C$2:$C$101,$A24,'Credit Tracker'!$N$2:$N$101) | D24: =SUMIF('Credit Tracker'!$C$2:$C$101,$A24,'Credit Tracker'!$O$2:$O$101) | E24: =IFERROR(SUMIF('Credit Tracker'!$C$2:$C$101,$A24,'Credit Tracker'!$I$2:$I$101)/$B24,0) | G24: Manitoba | H24: GST 5% plus provincial sales tax reference note
A25: Saskatchewan | B25: =COUNTIF('Credit Tracker'!$C$2:$C$101,$A25) | C25: =SUMIF('Credit Tracker'!$C$2:$C$101,$A25,'Credit Tracker'!$N$2:$N$101) | D25: =SUMIF('Credit Tracker'!$C$2:$C$101,$A25,'Credit Tracker'!$O$2:$O$101) | E25: =IFERROR(SUMIF('Credit Tracker'!$C$2:$C$101,$A25,'Credit Tracker'!$I$2:$I$101)/$B25,0) | G25: Saskatchewan | H25: GST 5% plus provincial sales tax reference note
A26: New Brunswick | B26: =COUNTIF('Credit Tracker'!$C$2:$C$101,$A26) | C26: =SUMIF('Credit Tracker'!$C$2:$C$101,$A26,'Credit Tracker'!$N$2:$N$101) | D26: =SUMIF('Credit Tracker'!$C$2:$C$101,$A26,'Credit Tracker'!$O$2:$O$101) | E26: =IFERROR(SUMIF('Credit Tracker'!$C$2:$C$101,$A26,'Credit Tracker'!$I$2:$I$101)/$B26,0) | G26: New Brunswick | H26: HST 15% reference note
A27: Newfoundland and Labrador | B27: =COUNTIF('Credit Tracker'!$C$2:$C$101,$A27) | C27: =SUMIF('Credit Tracker'!$C$2:$C$101,$A27,'Credit Tracker'!$N$2:$N$101) | D27: =SUMIF('Credit Tracker'!$C$2:$C$101,$A27,'Credit Tracker'!$O$2:$O$101) | E27: =IFERROR(SUMIF('Credit Tracker'!$C$2:$C$101,$A27,'Credit Tracker'!$I$2:$I$101)/$B27,0) | G27: Newfoundland and Labrador | H27: HST 15% reference note
A28: Prince Edward Island | B28: =COUNTIF('Credit Tracker'!$C$2:$C$101,$A28) | C28: =SUMIF('Credit Tracker'!$C$2:$C$101,$A28,'Credit Tracker'!$N$2:$N$101) | D28: =SUMIF('Credit Tracker'!$C$2:$C$101,$A28,'Credit Tracker'!$O$2:$O$101) | E28: =IFERROR(SUMIF('Credit Tracker'!$C$2:$C$101,$A28,'Credit Tracker'!$I$2:$I$101)/$B28,0) | G28: Prince Edward Island | H28: HST 15% reference note
A29: Yukon | B29: =COUNTIF('Credit Tracker'!$C$2:$C$101,$A29) | C29: =SUMIF('Credit Tracker'!$C$2:$C$101,$A29,'Credit Tracker'!$N$2:$N$101) | D29: =SUMIF('Credit Tracker'!$C$2:$C$101,$A29,'Credit Tracker'!$O$2:$O$101) | E29: =IFERROR(SUMIF('Credit Tracker'!$C$2:$C$101,$A29,'Credit Tracker'!$I$2:$I$101)/$B29,0) | G29: Yukon | H29: GST 5% reference note
A30: Northwest Territories | B30: =COUNTIF('Credit Tracker'!$C$2:$C$101,$A30) | C30: =SUMIF('Credit Tracker'!$C$2:$C$101,$A30,'Credit Tracker'!$N$2:$N$101) | D30: =SUMIF('Credit Tracker'!$C$2:$C$101,$A30,'Credit Tracker'!$O$2:$O$101) | E30: =IFERROR(SUMIF('Credit Tracker'!$C$2:$C$101,$A30,'Credit Tracker'!$I$2:$I$101)/$B30,0) | G30: Northwest Territories | H30: GST 5% reference note
A31: Nunavut | B31: =COUNTIF('Credit Tracker'!$C$2:$C$101,$A31) | C31: =SUMIF('Credit Tracker'!$C$2:$C$101,$A31,'Credit Tracker'!$N$2:$N$101) | D31: =SUMIF('Credit Tracker'!$C$2:$C$101,$A31,'Credit Tracker'!$O$2:$O$101) | E31: =IFERROR(SUMIF('Credit Tracker'!$C$2:$C$101,$A31,'Credit Tracker'!$I$2:$I$101)/$B31,0) | G31: Nunavut | H31: GST 5% reference note

Sheet Instructions
A1: GST/HST Credit Tracker — Instructions
A3: Topic | B3: Guidance
A4: Purpose | B4: Use this workbook to organize GST/HST credit estimates, expected CRA payment dates, actual payments received, payment differences, and late-payment follow-up for Canadian individuals and families.
A5: Credit basis | B5: CRA GST/HST credit amounts are generally based on information from the income tax return and adjusted family net income. The credit rate fields are editable planning inputs, not official CRA calculations.
A6: Pale yellow cells | B6: Enter or update recipient information, income inputs, expected and received payment dates, actual payment amounts, and notes only in pale yellow input cells. Formula cells calculate automatically.
A7: Review differences | B7: Review partial payments, overpayments, pending payments, and late payments with the Canada Revenue Agency. Payment Status is based on the actual payment amount, while Days Late compares received and expected dates.
A8: Registration and filing | B8: Confirm GST/HST registration and tax-filing information where relevant. Keep supporting records and communications with CRA in a secure location.
A9: Important limitation | B9: Do not treat this workbook as an official CRA eligibility calculator. Verify current credit amounts, eligibility rules, tax treatment, and payment dates directly with the Canada Revenue Agency.
A10: Privacy | B10: Protect personal information in accordance with PIPEDA principles. Limit access to this file, use secure storage, and avoid sharing unnecessary personal details.
